 Dungeon Crawl Stone Soup version 0.14-a0-2124-ga163777 (webtiles) character file.

1157 ReteAZ the Cleaver (level 7, -2/46 HPs)
             Began as a Demonspawn Fighter on Jan 27, 2014.
             Slain by an orc warrior
             ... wielding a +0,+0 orcish war axe
              (8 damage)
             ... on Level 6 of the Dungeon.
             The game lasted 00:12:52 (5280 turns).

ReteAZ the Cleaver (Demonspawn Fighter)             Turns: 5280, Time: 00:12:53

HP  -2/46        AC 14     Str 19      XL: 7   Next: 91%
MP   7/7         EV  2     Int  9      God:
Gold 203         SH 18     Dex 12      Spells:  0 memorised,  6 levels left

rFire  . . .     SeeInvis +     a - +1 hand axe
rCold  + . .     Clarity  .     w - +2 plate armour
rNeg   . . .     Conserve .     c - +0 shield
rPois  .         rCorr    +     (no helmet)
rElec  .         rRot     +     (no cloak)
SustAb . .       Spirit   .     (no gloves)
rMut   .         Warding  .     (no boots)
Saprov + . .     Stasis   .     r - amulet of resist corrosion
MR     .....                    (no ring)
                                n - cursed ring of see invisible {unknown}

@: not resistant to hostile enchantments, extremely unstealthy
A: hooves 2, icy blue scales 1, blurry vision 1, cold resistance 1, frail 1,
foul stench 1, nightstalker 1, saprovore 1
a: no special abilities


You were on level 6 of the Dungeon.
You were hungry.

You visited 1 branch of the dungeon, and saw 6 of its levels.

You collected 307 gold pieces.
You spent 104 gold pieces at shops.

Inventory:

Hand weapons
 a - a +1,+1 hand axe (weapon)
Missiles
 v - 3 tomahawks of returning (quivered)
 y - a throwing net
Armour
 b - a +0 scale mail
 c - a +0 shield (worn)
 w - a +2 plate armour (worn)
Magical devices
 s - a wand of draining (5) {unknown}
 t - a wand of polymorph (23) {unknown}
Comestibles
 d - 5 bread rations
 f - a slice of pizza
 g - a banana
 h - an apple
 m - a pear
 p - 2 meat rations
 q - 22 grapes
 u - 2 chokos
 z - 3 rotting chunks of orc flesh
Scrolls
 e - a scroll of enchant weapon II
 j - a scroll of enchant weapon I
 k - 5 scrolls of identify
 l - 3 scrolls of remove curse
Jewellery
 n - a cursed ring of see invisible (left hand) {unknown}
 r - an amulet of resist corrosion (around neck)
Potions
 i - a potion of magic
 o - a potion of heal wounds
 x - a potion of might


   Skills:
 - Level 3.0 Fighting
 + Level 8.5 Axes
 - Level 2.6 Armour
 - Level 2.6 Shields


You had 6 spell levels left.
You didn't know any spells.

Dungeon Overview and Level Annotations

Branches:
Dungeon (6/16)
 Temple: D:4-7

Altars:
Fedhas
Nemelex Xobeh

Shops:
D:4 *


Innate Abilities, Weirdness & Mutations

You have hoof-like feet.
You are partially covered in icy blue scales (AC +1).
You emit a foul stench, and are resistant to rotting and decay.
You are slightly more attuned to the shadows.
You can tolerate rotten meat.
Your vision is a little blurry.
Your flesh is cold resistant.
You are frail (-10% HP).


Message History

You throw a tomahawk of returning.
The tomahawk of returning misses the orc warrior.
The tomahawk of returning fails to return to your pack!
The orc warrior throws a tomahawk.
The tomahawk hits you!
Throwing (i - inventory. (,) - cycle):
v - 4 tomahawks of returning (quivered)
Press: ? - help, Shift-Dir - straight line, f/p - orc warrior
Aim: an orc warrior, wielding an orcish war axe and wearing an orcish plate armour You throw a tomahawk of returning.
The tomahawk of returning misses the orc warrior.
The tomahawk of returning fails to return to your pack!
The orc warrior throws a tomahawk.
The tomahawk hits you!
The orc warrior hits you with an orcish war axe!
You hit the orc warrior.
The orc warrior is lightly wounded.
The orc warrior hits you with an orcish war axe!
* * * LOW HITPOINT WARNING * * *
The orc warrior looks sick.
You hit the orc warrior but do no damage.
The orc warrior hits you with an orcish war axe!
You die...

#.......#
#....>..#
#.....(.#
#.......#
#.......#
#.....(.#
#....(..#
#.....o.#
#...).@.#
#.)...(.#
#.)...(<#
####.......#
#^.........#
##...♣####..#
♣♣..♣♣# #..#
♣♣♣.♣♣# #..#
♣♣♣.♣♣ #..#


You could see an orc warrior.

Vanquished Creatures
  The ghost of Jenx the Prestidigitator, an experienced DDFi (D:5)
  An ogre (D:4)
  Blork the orc (D:4)
  2 hounds
  2 worker ants
  3 orc priests
  2 orc wizards
  4 green rats (D:5)
  4 adders
  An inept feature mimic (D:3)
  3 worms
  An adder skeleton (D:5)
  An iguana skeleton (D:4)
  4 grey rats (D:5)
  A giant eyeball (D:6)
  An ooze (D:1)
  15 orcs
  A ball python (D:1)
  A bat skeleton (D:5)
  A giant cockroach (D:2)
  7 hobgoblins
  6 jackals (D:2)
  8 bats
  A giant newt (D:4)
  13 goblins
  A goblin skeleton (D:4)
  A hobgoblin skeleton (D:4)
  6 kobolds
  A kobold skeleton (D:4)
  3 quokkas
  33 rats
  2 rat skeletons
  A rat zombie (D:5)
133 creatures vanquished.

Vanquished Creatures (others)
  A rat (D:2)
1 creature vanquished.

Grand Total: 134 creatures vanquished

Notes
Turn   | Place    | Note
--------------------------------------------------------------
     0 | D:1      | ReteAZ, the Demonspawn Fighter, began the quest for the Orb.
     0 | D:1      | Reached XP level 1. HP: 18/18 MP: 1/1
   153 | D:1      | Gained mutation: You are slightly more attuned to the shadows. [demonic ancestry]
   153 | D:1      | Reached XP level 2. HP: 12/24 MP: 2/2
   670 | D:2      | Gained mutation: You can tolerate rotten meat. [demonic ancestry]
   670 | D:2      | Reached XP level 3. HP: 14/29 MP: 3/3
   828 | D:2      | Gained mutation: You are frail (-10% HP). [potion of mutation]
   828 | D:2      | Gained mutation: Your vision is a little blurry. [potion of mutation]
   828 | D:2      | Gained mutation: Your flesh is cold resistant. [potion of mutation]
   877 | D:2      | Found a sparkling altar of Nemelex Xobeh.
  1427 | D:2      | HP: 1/26 [jackal (1)]
  1431 | D:2      | Reached XP level 4. HP: 31/31 MP: 4/4
  1632 | D:3      | Reached skill level 4 in Axes
  2203 | D:3      | Gained mutation: You have large cloven feet. [potion of beneficial mutation]
  2857 | D:4      | Noticed Blork the orc
  2884 | D:4      | Killed Blork the orc
  2884 | D:4      | Reached skill level 5 in Axes
  2884 | D:4      | Gained mutation: You are partially covered in icy blue scales (AC +1). [demonic ancestry]
  2884 | D:4      | Reached XP level 5. HP: 26/36 MP: 5/5
  2912 | D:4      | Noticed an ogre
  2924 | D:4      | Killed an ogre
  3195 | D:4      | Found Sene's Assorted Antiques.
  3198 | D:4      | Bought a scroll labeled FRINON ONNUOZIT for 26 gold pieces
  3198 | D:4      | Bought a scroll labeled KUYGIE FYVOTONK for 26 gold pieces
  3198 | D:4      | Bought a scroll labeled BACVEF DOAHOF for 26 gold pieces
  3198 | D:4      | Bought a scroll labeled TICSOCVOZEO for 26 gold pieces
  3478 | D:4      | Gained mutation: You emit a foul stench, and are resistant to rotting and decay. [demonic ancestry]
  3478 | D:4      | Reached XP level 6. HP: 4/42 MP: 6/6
  3752 | D:4      | Reached skill level 6 in Axes
  3824 | D:5      | Entered Level 5 of the Dungeon
  3858 | D:5      | Noticed Jenx's ghost (experienced DDFi)
  4167 | D:5      | Killed Jenx's ghost
  4167 | D:5      | Reached skill level 7 in Axes
  4167 | D:5      | Gained mutation: You have hoof-like feet. [demonic ancestry]
  4167 | D:5      | Reached XP level 7. HP: 32/46 MP: 7/7
  4660 | D:5      | Reached skill level 8 in Axes
  5241 | D:6      | Found a blossoming altar of Fedhas.
  5280 | D:6      | Slain by an orc warrior

Action                   |  1- 3 |  4- 6 |  7- 9 || total
-------------------------+-------+-------+-------++-------
Melee: Hand axe          |   147 |   201 |   145 ||   493
Throw: Tomahawk          |       |     6 |     2 ||     8
  Use: Potion            |     4 |     8 |     4 ||    16
       Scroll            |       |    15 |       ||    15
